AoeStats
← CNZS_98T

African Clearing

506425355Analyzed
4v4 RM · 19d ago on Sep 13, 2026· 44m 39s· 8 players
Game mode
Random Map
Map size
Large (8 player)
Population
200
Speed
Normal
Resources
Standard
Victory
Conquest
Starting age
Dark Age
Ending age
Imperial Age
RankedLock teamsTeams togetherTeam positionsShared explorationLock speedFull tech treeHidden civsTurbo modeCheats
Victory
Defeat
🇨🇳 Armenians · China
1931
+9
🇳🇱 Goths · Netherlands
1920
+10
🇨🇳 Maya · China
1880
+11
🇮🇳 Burgundians · India
1850
+12
🇨🇳 Vietnamese · China
1864
-13
🇭🇰 Bohemians · Hong Kong SAR China
1811
-12
🇭🇰 Slavs · Hong Kong SAR China
1725
-9
🇭🇰 Teutons · Hong Kong SAR China
1698
-8
_luN
9:00 Loom
11:09 Feudal Age
12:35 Double-Bit Axe
17:18 Scale Barding Armor
18:34 Bloodlines
21:30 Wheelbarrow
24:20 Castle Age
22:49 Forging
22:37 Gold Mining
25:24 Chain Barding Armor
38:01 Town Watch
39:50 Stone Mining
40:36 Bow Saw
40:07 Horse Collar
42:49 Hand Cart
MJAI
10:05 Loom
13:12 Feudal Age
15:10 Double-Bit Axe
17:26 Castle Age
16:51 Padded Archer Armor
18:33 Bow Saw
18:27 Horse Collar
20:34 Chemistry
24:40 Padded Archer Armor
26:14 Wheelbarrow
29:24 Hand Cart
33:37 Imperial Age
33:10 Leather Archer Armor
33:38 Ballistics
34:56 Conscription
35:44 Ring Archer Armor
39:26 Fletching
爱人跟人走
6:45 Loom
13:21 Feudal Age
17:17 Castle Age
15:49 Double-Bit Axe
17:04 Gold Mining
18:45 Bow Saw
20:13 Fletching
21:25 Bodkin Arrow
23:04 Ballistics
25:11 Horse Collar
28:13 Heavy Plow
29:21 Wheelbarrow
33:16 Imperial Age
32:12 Hand Cart
33:30 Stone Mining
34:35 Bracer
36:38 Two-Man Saw
35:53 Town Watch
38:55 Coinage
39:34 Chemistry
39:26 Elite Rattan Archer
41:36 Paper Money
43:02 Padded Archer Armor
44:02 Coinage
44:51 Leather Archer Armor
44:47 Thumb Ring
LamarcusLawliet
13:03 Feudal Age
14:21 Double-Bit Axe
17:11 Castle Age
14:55 Horse Collar
15:05 Loom
18:08 Bow Saw
18:00 Heavy Plow
17:54 Gold Mining
19:06 Wheelbarrow
19:45 Stone Mining
22:56 Scale Barding Armor
24:36 Chain Barding Armor
25:51 Town Watch
28:38 Devotion
29:37 Bloodlines
30:26 Husbandry
31:19 Forging
31:55 Hand Cart
35:02 Imperial Age
35:23 Iron Casting
36:36 Plate Barding Armor
36:46 Conscription
36:45 Elite Boyar
38:56 Blast Furnace
39:58 Masonry
40:17 Scale Mail Armor
40:21 Man-at-Arms
41:02 Squires
41:18 Chain Mail Armor
41:18 Druzhina
41:06 Long Swordsman
41:56 Two-Handed Swordsman
43:25 Plate Mail Armor
43:15 Champion
44:25 Fletching
_LY_Yo
13:14 Feudal Age
14:13 Loom
17:02 Castle Age
15:01 Double-Bit Axe
18:24 Bow Saw
17:56 Fishing Lines
18:44 Town Watch
18:58 Horse Collar
20:26 Gillnets
23:33 Gold Mining
24:34 Stone Mining
26:16 Wheelbarrow
29:08 Imperial Age
27:50 Hand Cart
28:39 Scale Mail Armor
28:21 Eagle Warrior
30:23 Chain Mail Armor
30:18 Forging
31:27 Elite Eagle Warrior
32:31 Conscription
33:15 Plate Mail Armor
33:00 Squires
34:24 Holcans
34:59 Iron Casting
35:01 Guilds
36:45 Blast Furnace
35:34 Arson
38:39 Two-Man Saw
38:15 Stone Shaft Mining
37:11 Pikeman
37:45 Halberdier
39:19 Coinage
41:41 Banking
41:39 Fletching
42:10 Ballistics
42:51 Chemistry
42:29 Bodkin Arrow
42:15 Treadmill Crane
42:45 Masonry
43:22 Bracer
CNZS_98T
3:06 Loom
13:53 Feudal Age
15:04 Double-Bit Axe
17:26 Castle Age
16:13 Fishing Lines
16:18 Horse Collar
19:24 Bow Saw
21:13 Stone Mining
23:17 Wheelbarrow
22:29 Town Watch
22:44 Gold Mining
23:48 Heavy Plow
28:01 Fletching
28:25 Gillnets
28:44 Bodkin Arrow
33:38 Imperial Age
31:42 Scale Mail Armor
33:20 Chain Mail Armor
33:14 Anarchy
33:47 Hand Cart
33:44 Squires
33:09 Pikeman
33:45 Elite Huskarl
34:46 Conscription
34:34 Perfusion
35:14 Forging
36:07 Two-Man Saw
36:38 Iron Casting
36:07 Halberdier
37:18 Bracer
38:24 Blast Furnace
39:24 Ballistics
40:04 Chemistry
45:02 Stone Shaft Mining
DK2
14:46 Feudal Age
13:06 Loom
14:53 Feudal Age
16:39 Double-Bit Axe
20:17 Castle Age
26:52 Wheelbarrow
26:16 Horse Collar
28:34 Town Watch
29:05 Bow Saw
29:57 Gold Mining
31:16 Stone Mining
35:41 Heavy Plow
36:17 Scale Barding Armor
38:08 Crop Rotation
38:41 Two-Man Saw
37:58 Hand Cart
44:29 Imperial Age
43:15 Padded Archer Armor
44:30 Squires
43:50 Pikeman
44:30 Treadmill Crane
_LY_lyx
12:05 Feudal Age
15:43 Castle Age
13:44 Double-Bit Axe
15:09 Horse Collar
16:38 Bow Saw
21:00 Loom
21:08 Town Watch
25:54 Ballistics
25:25 Fletching
26:40 Bodkin Arrow
33:36 Stone Mining
35:12 Padded Archer Armor
38:30 Gold Mining
39:34 Leather Archer Armor
47:30 Imperial Age
Connection lost

Rejoining the realm…

Still unreachable

The connection could not be restored.

Session expired

The server has moved on; the page needs a fresh start.